 Dungeon Crawl Stone Soup version 0.31-a0-1603-gbec6b6ccbf (webtiles) character file.

Game seed: 4356981186157788902

23 Laraso the Ruffian (level 2, -1/34 HPs)
             Began as a Draconian Shapeshifter on Jan 8, 2024.
             Slain by Natasha (2 damage)
             ... on level 2 of the Dungeon.
             The game lasted 00:00:28 (214 turns).

Laraso the Ruffian (Draconian Shapeshifter)          Turns: 214, Time: 00:00:29

Health: -1/34      AC: 21    Str: 16    XL:     2   Next: 72%
Magic:  2/2        EV:  2    Int: 10    God:
Gold:   35         SH:  0    Dex: 10    Spells: 1/1 levels left

rFire   . .          .
                       - Unarmed
rCold   . . .        (no shield)
rNeg    . . .        (body armour unavailable)
rPois   +            (helmet currently unavailable)
rElec   .            (cloak currently unavailable)
rCorr   .            (gloves currently unavailable)
SInv    .            (boots currently unavailable)
Will    .....        (no amulet)
Stlth   +            (no ring)
HPRegen 0.25/turn    (no ring)
MPRegen 0.08/turn

%: no passive effects
@: tree-form
A: stationary, stasis, torment immunity, boosted hp, AC +4, unfitting armour,
(cold-blooded)
a: no special abilities


You were on level 2 of the Dungeon.
You were a tree.
You visited 1 branch of the dungeon, and saw 2 of its levels.

You collected 35 gold pieces.

Inventory:

Talismans
 b - a beast talisman
 c - a flux talisman


   Skills:
 - Level 1.1 Fighting
 - Level 1.7 Dodging
 * Level 3.7 Unarmed Combat
 + Level 3.3 Shapeshifting


You had one spell level left.
You didn't know any spells.
Your spell library was empty.

Dungeon Overview and Level Annotations

Branches:
Dungeon (1/15)

Altars:

Annotations:
D:2 Natasha


Innate Abilities, Weirdness & Mutations

You are a tree.
Your roots penetrate the ground, keeping you stationary.
You cannot be teleported.
You are immune to unholy pain and torment.
Your maximum health is greatly increased.
Your equipment is partially melded.
((Your plain brown scales are hard. (AC +4)))
You cannot fit into any form of body armour.
((You are cold-blooded and may be slowed by cold attacks.))


Message History

Natasha is nearby!
Found 2 scrolls labelled UFICREXTERGHEM.
Natasha casts a spell.
You see here 10 gold pieces.
You hit Natasha.
Natasha is lightly wounded.
Natasha claws you.
You hit Natasha but do no damage.
Natasha is lightly wounded.
The cerulean imp barely misses you. Natasha claws you!
You hit Natasha.
Natasha is lightly wounded.
The cerulean imp barely misses you. Natasha claws you.
You are too injured to fight recklessly!
You hit Natasha.
Natasha is moderately wounded.
The cerulean imp hits you from afar with a +1 spear.
Natasha casts a spell at you. You resist with significant effort.
You closely miss Natasha.
Natasha is moderately wounded.
The cerulean imp misses you. Natasha claws you.
* * * LOW HITPOINT WARNING * * *
Unknown command.
Okay, then.
You aren't carrying any scrolls.
Unknown command.
Your transformation has ended.
You turn into a tree.
Your roots penetrate the ground.
The cerulean imp hits you but does no damage.
Natasha claws you.
* * * LOW HITPOINT WARNING * * *
Unknown command.
You smack Natasha!
Natasha is almost dead.
The cerulean imp hits you from afar with a +1 spear.
* * * LOW HITPOINT WARNING * * *
Natasha claws you.
You die...
Natasha curls up and begins to purr.

#<### #..
#...# #.#.#
###.# #.#?#
#.# #.#.#
#.######.#.###
#.#..........#
#.........$#
#.#.####..##
#.#.# ##♣#
#.#.#####h#
#......##5#
#.#.##.##.#
#.#.# ##.#
#.#.. ... ###
###


You could see Natasha and a cerulean imp (summoned).

Vanquished Creatures
  A dart slug (D:1)
  An endoplasm (D:1)
  2 giant cockroaches (D:1)
  2 goblins (D:1)
  5 jackals (D:1)
  A kobold (D:1)
  5 frilled lizards (D:1)
  2 rats (D:1)
19 creatures vanquished.

Notes
Turn   | Place    | Note
-------+----------+-------------------------------------------
     0 | D:1      | Laraso the Draconian Shapeshifter began the quest for the
                  | Orb.
     0 | D:1      | Reached XP level 1. HP: 16/16 MP: 1/1
    48 | D:1      | Reached XP level 2. HP: 22/23 MP: 2/2
   154 | D:1      | You fall into a shaft and drop 1 floor!
   205 | D:2      | Noticed Natasha
   214 | D:2      | HP: 1/34 [cerulean imp/+1 spear[Natasha] (5)]
   214 | D:2      | Slain by Natasha

Illustrated notes

Levels and vault maps discovered:
D:1:      mrwooster_arrival_statue, layout_rooms
D:2:      layout_loops_ring, minmay_quadrilaterals, uniq_jessica, uniq_natasha,
          uniq_robin

Action                     || total
---------------------------++-------
  Melee: Unarmed           ||    44
         Tailslap          ||     2
    Use: Potion            ||     1
 Armour: Skin              ||    21
  Dodge: Dodged            ||    22

Table legend: (Time is in decaauts)
 A = Elapsed time spent in this place.
 B = Non-inter-level travel time spent in this place.
 C = Inter-level travel time spent in this place.
 D = Time resting spent in this place.
 E = Time spent auto-exploring this place.
 F = Levels seen in this place.
 G = Mean time per level.
                   A        B        C        D        E       F      G
               +--------+--------+--------+--------+--------+-----+--------+
         Total |    211 |    211 |      0 |      0 |    128 |   2 |  105.5 |
       Dungeon |    211 |    211 |      0 |      0 |    128 |   2 |  105.5 |
               +--------+--------+--------+--------+--------+-----+--------+

Top non-repeatable levels by time:
     D:1: 151 daAuts
     D:2: 59 daAuts
